AoeStats
← Comend x comend

Pilgrims

508141120Analyzed
4v4 RM · 10d ago on Sep 21, 2026· 67m 43s· 8 players
Game mode
Random Map
Map size
Large (8 player)
Population
200
Speed
Normal
Resources
Standard
Victory
Conquest
Starting age
Dark Age
Ending age
Imperial Age
RankedLock teamsTeams togetherTeam positionsShared explorationLock speedFull tech treeHidden civsTurbo modeCheats
Victory
Defeat
🇧🇷 Dravidians · Brazil
1422
+13
🇵🇪 Malay · Peru
1331
+17
🇦🇷 Koreans · Argentina
1285
+19
🇦🇷 Spanish · Argentina
1252
+19
🇨🇦 Mongols · Canada
1658
-28
🇺🇸 Vietnamese · United States
1366
-18
🇨🇦 Huns · Canada
1231
-12
🇧🇩 Persians · Bangladesh
1173
-10
sfam1144141
14:03 Feudal Age
15:30 Double-Bit Axe
16:07 Fletching
19:29 Castle Age
20:55 Medium Warships
20:44 Bodkin Arrow
24:33 Loom
35:30 Bow Saw
37:54 Horse Collar
44:32 Thumb Ring
67:34 Wheelbarrow
66:32 Pikeman
AHSAN
7:46 Loom
9:48 Feudal Age
13:21 Scale Barding Armor
14:53 Forging
19:17 Double-Bit Axe
20:57 Bloodlines
23:57 Castle Age
24:56 Gold Mining
28:18 Wheelbarrow
32:27 Bow Saw
34:31 Hand Cart
37:38 Bloodlines
37:29 Husbandry
38:00 Elite Skirmisher
43:38 Town Watch
46:08 Horse Collar
Gladiator
8:01 Loom
10:35 Feudal Age
12:27 Double-Bit Axe
20:08 Castle Age
18:38 Gold Mining
21:52 Medium Warships
27:07 Fletching
31:22 Elite Skirmisher
34:03 Bodkin Arrow
57:35 Scale Barding Armor
57:41 Forging
58:18 Husbandry
58:28 Bloodlines
57:38 Light Cavalry
TomRiddle
3:05 Loom
12:29 Feudal Age
13:42 Town Watch
16:33 Castle Age
15:02 Fletching
15:30 Double-Bit Axe
17:21 Bodkin Arrow
17:50 Bow Saw
17:27 Fishing Lines
18:11 Horse Collar
20:23 Ballistics
22:15 Padded Archer Armor
24:27 Heavy Plow
24:18 Gold Mining
27:42 Wheelbarrow
37:07 Leather Archer Armor
42:35 Imperial Age
41:34 Thumb Ring
41:34 Husbandry
42:51 Hand Cart
43:03 Bloodlines
43:48 Gold Shaft Mining
43:04 Stone Mining
44:32 Chemistry
43:50 Bracer
45:09 Light Cavalry
45:55 Scale Barding Armor
45:17 Elite Mangudai
46:54 Hussar
48:56 Chain Barding Armor
48:47 Forging
49:38 Conscription
50:43 Iron Casting
50:56 Coinage
50:57 Siege Engineers
54:14 Capped Ram
56:23 Parthian Tactics
56:59 Blast Furnace
56:08 Caravan
56:35 Siphons
56:52 Siege Ram
57:57 Drill
60:58 Hoardings
naYummuYan
4:26 Loom
9:56 Feudal Age
10:49 Double-Bit Axe
12:26 Gold Mining
16:24 Fletching
18:55 Castle Age
19:49 Medium Warships
22:01 Padded Archer Armor
21:40 Elite Skirmisher
24:59 Pikeman
35:44 Bodkin Arrow
40:54 Stone Mining
43:15 Thumb Ring
44:08 Leather Archer Armor
45:07 Ballistics
50:42 Horse Collar
53:54 Squires
53:40 Gambesons
54:48 Scale Mail Armor
55:48 Forging
59:45 Imperial Age
58:20 Chain Mail Armor
61:00 Conscription
63:43 Wheelbarrow
Vinago
5:05 Loom
14:00 Feudal Age
14:42 Double-Bit Axe
18:47 Stone Mining
23:21 Forging
24:54 Horse Collar
26:18 Fishing Lines
28:19 Wheelbarrow
32:21 Castle Age
31:31 Fletching
33:19 Bodkin Arrow
42:35 Imperial Age
43:19 Bracer
44:10 Gold Mining
46:00 Bow Saw
45:50 Heavy Plow
46:30 Gold Shaft Mining
49:05 Ballistics
49:46 Chemistry
50:12 Hand Cart
54:35 Heavy Rocket Cart
56:03 Conscription
55:07 Elite Skirmisher
56:08 Thumb Ring
59:39 Two-Man Saw
60:33 Elite War Wagon
66:08 Conscription
67:34 Scale Mail Armor
68:09 Iron Casting
Comend x comend
6:51 Loom
13:41 Feudal Age
13:41 Double-Bit Axe
16:18 Wheelbarrow
19:30 Castle Age
30:30 Stone Mining
37:12 Hand Cart
48:32 Horse Collar
59:52 Pikeman
60:33 Squires
67:06 Heavy Plow
70:10 Imperial Age
Sr. Sam
10:09 Loom
12:39 Feudal Age
16:09 Castle Age
16:44 Town Watch
22:15 Padded Archer Armor
27:44 Fletching
28:51 Double-Bit Axe
29:55 Horse Collar
30:53 Wheelbarrow
30:33 Husbandry
30:35 Herbal Medicine
31:21 Bow Saw
32:04 Bloodlines
31:58 Heavy Plow
35:24 Leather Archer Armor
40:03 Imperial Age
40:24 Hand Cart
40:10 Town Patrol
39:55 Light Cavalry
42:50 Elite Skirmisher
44:02 Ring Archer Armor
43:28 Bodkin Arrow
44:31 Conscription
46:47 Ballistics
46:54 Forging
46:50 Scale Barding Armor
48:15 Iron Casting
48:43 Chemistry
48:04 Bracer
49:19 Two-Man Saw
50:42 Hussar
53:32 Blast Furnace
55:00 Chain Barding Armor
55:27 Gold Mining
55:28 Stone Mining
59:03 Plate Barding Armor
59:00 Cavalier
62:34 Thumb Ring
63:17 Masonry
63:55 Elite Cannon Galleon
67:45 Fishing Lines
Connection lost

Rejoining the realm…

Still unreachable

The connection could not be restored.

Session expired

The server has moved on; the page needs a fresh start.